 Dungeon Crawl Stone Soup version 0.30.1-11-g7821555f0a (webtiles) character file.

Game seed: 8840832870576910649

32 anacleto the Shooter (level 3, -7/30 HPs)
             Began as a Minotaur Hunter on Dec 12, 2023.
             Mangled by Sigmund
             ... wielding a +0 scythe
              (12 damage)
             ... on level 3 of the Dungeon.
             The game lasted 00:01:43 (904 turns).

anacleto the Shooter (Minotaur Hunter)               Turns: 904, Time: 00:01:43

Health: -7/30      AC:  3    Str: 15    XL:     3   Next: 8%
Magic:  2/2        EV: 12    Int:  6    God:
Gold:   93         SH:  0    Dex: 15    Spells: 2/2 levels left

rFire   . . .        a - +0 shortbow
rCold   . . .        (shield currently unavailable)
rNeg    . . .        c - +0 leather armour
rPois   .            (helmet restricted)
rElec   .            (no cloak)
rCorr   .            (no gloves)
SInv    .            (no boots)
Will    .....        (no amulet)
Stlth   +            (no ring)
HPRegen 0.25/turn    (no ring)
MPRegen 0.08/turn

%: no passive effects
@: confused
A: horns 2, retaliatory headbutt
a: no special abilities


You were on level 3 of the Dungeon.
You visited 1 branch of the dungeon, and saw 3 of its levels.

You collected 93 gold pieces.

Inventory:

Hand Weapons
 a - a +0 shortbow (weapon)
Armour
 c - a +0 leather armour (worn)
Scrolls
 b - a scroll of immolation
 d - a scroll of teleportation {unknown}
 e - a scroll of blinking {unknown}
 f - a scroll of silence {unknown}
 g - a scroll of magic mapping {unknown}
 h - a scroll of amnesia {unknown}
 k - a scroll of noise {unknown}
Potions
 i - a potion of resistance {unknown}
 j - a potion of might {unknown}
 l - a potion of lignification {unknown}


   Skills:
 + Level 2.9 Fighting
 * Level 4.9 Ranged Weapons
 + Level 2.6 Dodging
 + Level 1.3 Stealth


You had 2 spell levels left.
You didn't know any spells.
Your spell library was empty.

Dungeon Overview and Level Annotations

Branches:
Dungeon (3/15)

Altars:
Uskayaw

Annotations:
D:2 Sigmund


Innate Abilities, Weirdness & Mutations

You have a pair of horns on your head.
You reflexively headbutt those who attack you in melee.


Message History

You shoot an arrow. The arrow hits the rat!
You kill the rat!
Sigmund and an adder come into view.
Sigmund is wielding a +0 scythe and wearing a +2 robe of fire resistance.
Unknown command.
Sigmund points at you and mumbles some strange words.
You are confused.
You're too confused to move!
You bump into the rock wall.
Sigmund laughs darkly.
You're too confused to move!
Sigmund casts a spell.
Sigmund flickers and vanishes!
Deactivating autopickup; reactivate with Ctrl-A.
You bump into the rock wall.
Something tries to affect you, but you resist.
You bump into the rock wall.
You feel less confused.
A magic dart appears from out of thin air!
The magic dart hits you!
You are confused.
A puff of flame appears from out of thin air!
The puff of flame hits you.
You feel less confused. Something hits you.
There is a stone staircase leading down here.
You hear some strange, mumbled words.
You are confused.
There is a stone staircase leading down here.
Something hits you!
* * * LOW HITPOINT WARNING * * *
You climb downwards.
Reactivating autopickup.
Found a coppery potion, a ring mail and 8 gold pieces.
There is a stone staircase leading up here.
Something hits you.
* * * LOW HITPOINT WARNING * * *
Deactivating autopickup; reactivate with Ctrl-A.
You bump into the rock wall.
Something hits you!
You die...

#.#. .###
.##.#.##...##
...........#
##........$#
###....[.....#
............#
#.........#
#.....#.!#
#..{<@...#
#.#.####.#
#.... # ####


There were no monsters in sight!

Vanquished Creatures
  An adder (D:2)
  A worm (D:2)
  A ball python (D:1)
  3 endoplasms (D:1)
  A giant cockroach (D:1)
  2 hobgoblins (D:1)
  2 jackals (D:1)
  A quokka (D:1)
  3 bats
  3 kobolds
  A rat (D:2)
19 creatures vanquished.

Notes
Turn   | Place    | Note
-------+----------+-------------------------------------------
     0 | D:1      | anacleto the Minotaur Hunter began the quest for the Orb.
     0 | D:1      | Reached XP level 1. HP: 18/18 MP: 0/0
    97 | D:1      | Reached skill level 1 in Stealth
   202 | D:1      | Reached XP level 2. HP: 25/25 MP: 1/1
   642 | D:1      | Found a hide-covered altar of Uskayaw.
   839 | D:2      | Reached XP level 3. HP: 28/30 MP: 2/2
   871 | D:2      | Noticed Sigmund
   904 | D:3      | Mangled by Sigmund

Illustrated notes

Levels and vault maps discovered:
D:1:      dpeg_arrival_water_altar, layout_loops_ring, chequers_jeans,
          minmay_misc_feat_enclosed
D:2:      layout_rooms, uniq_jessica, uniq_sigmund
D:3:      layout_loops_ring, minivault_23

Skill      XL: |  1 |
---------------+----+-----
Stealth        | 1 |  1.3
Fighting       | |  2.9
Ranged Weapons | |  4.9
Dodging        | |  2.6

Action                     || total
---------------------------++-------
   Fire: Shortbow          ||    64
 Armour: Leather armour    ||    12
  Dodge: Dodged            ||    22
